 Dungeon Crawl Stone Soup version 0.30-a0-603-g51a0fb1b98 (webtiles) character file.

Game seed: 10836411739863743618

45 tilp the Covered (level 4, -2/39 HPs)
             Began as a Meteoran Fighter on Jan 8, 2023.
             Splashed by a jelly's acid (10 damage)
             ... on level 2 of the Dungeon.
             The game lasted 00:02:39 (505 turns).

tilp the Covered (Meteoran Fighter)                  Turns: 505, Time: 00:02:39

Health: -2/39      AC:  0    Str: 18    XL:     4   Next: 12%
Magic:  5/5        EV: 10    Int:  9    God:
Gold:   27         SH:  5    Dex: 15    Spells: 3/3 levels left

rFire   . . .      SeeInvis .    a - +0 long sword
rCold   . . .      Faith    .    c - +0 buckler
rNeg    . . .      Spirit   .    b - +0 scale mail
rPois   .          Reflect  .    (no helmet)
rElec   .          Harm     .    (no cloak)
rCorr   .          Rampage  .    (no gloves)
Will    .....                    (no boots) Stlth
                                 (no amulet)
HPRegen 0.26/turn                g - ring of flight
MPRegen 0.09/turn                (no ring)

@: corroded, flying, glowing
A: sense surroundings 1, otherworldly, glowing, explore regen
a: no special abilities


You were on level 2 of the Dungeon.
You visited 1 branch of the dungeon, and saw 3 of its levels.

You collected 27 gold pieces.

Inventory:

Hand Weapons
 a - a +0 long sword (weapon)
Missiles
 e - 33 stones (quivered)
 k - a throwing net {!f}
Armour
 b - a +0 scale mail (worn)
 c - a +0 buckler (worn)
Jewellery
 g - a ring of flight (left hand)
Scrolls
 f - a scroll of poison {unknown}
 h - a scroll of noise {unknown}
 j - a scroll of identify {unknown}
Potions
 d - a potion of might
 i - a potion of heal wounds {unknown}
 l - a potion of haste {unknown}


   Skills:
 + Level 3.6 Fighting
 + Level 2.8 Long Blades
 + Level 3.9 Armour
 * Level 1.9 Dodging
 + Level 0.6 Stealth
 + Level 3.9 Shields


You had 3 spell levels left.
You didn't know any spells.
Your spell library was empty.

Dungeon Overview and Level Annotations

Branches:
Dungeon (3/15) Zot: 1272

Altars:


Innate Abilities, Weirdness & Mutations

You passively map a small area around you.
You are easily found by Zot.
You glow in the dark.
You regain HP and MP as you explore.


Message History

The endoplasm hits you but does no damage.
You slash the endoplasm!
You kill the endoplasm!
The endoplasm closely misses you.
You hit the endoplasm but do no damage. The endoplasm freezes you.
You are frozen.
You hit the endoplasm.
The endoplasm is severely wounded.
The endoplasm freezes you.
You are frozen.
You hit the endoplasm.
You kill the endoplasm! 2 jellies and 3 endoplasms come into view.
Found four items.
The endoplasm quivers.
The jelly quivers. x2; The endoplasm quivers. x2
There is an open door here.
Unknown command.
Throw: 34 stones
Press: ? - help, Q - select action, (/) - cycle Shift-Dir - straight line, f - jelly
Aim: a jelly (89% to hit)
You throw a stone.
The stone hits the jelly but does no damage.
You hit the jelly.
Your hands burn!
The jelly is heavily wounded.
The jelly closely misses you.
You hit the jelly but do no damage. The acid corrodes you!
Your hands burn!
The jelly is heavily wounded.
The jelly hits you. The acid corrodes you!
You are splashed with acid!
You hit the jelly.
Your hands burn!
The jelly is heavily wounded.
The jelly hits you. The acid corrodes you!
You are splashed with acid!
* * * LOW HITPOINT WARNING * * *
You hit the jelly but do no damage.
Your hands burn!
* * * LOW HITPOINT WARNING * * *
The jelly is heavily wounded.
The jelly hits you.
* * * LOW HITPOINT WARNING * * *
You are splashed with acid!
You die...

########## ###.
/........# #... * *
...P.P÷P.# ####.## , ,
.P.......# #....## , *
..÷P.J...#### #.##.## ,
.÷.P.P.J.##.#####.##...
,
*.P...JJJJ##........####
, , #######J# #.######.#
# *##..)..@## #.# #.# #
,,* #.######## #.# #.#
##..'....# #.# #.# ,, *
####....###.# #.# * *
**#.......##..# #.# , ,
#.......##### #.# * *
#.......# #.# #.......#
##.## ##.....##
####...###


You could see 2 jellies and 2 endoplasms.

Vanquished Creatures
  An adder (D:2)
  A worm (D:2)
  A ball python (D:2)
  8 endoplasms
  2 goblins
  2 hobgoblins (D:2)
  3 jackals (D:1)
  8 kobolds (D:2)
  A frilled lizard (D:2)
  2 rats
29 creatures vanquished.

Vanquished Creatures (others)
  A fungus (D:2)
  8 toadstools (D:2)
9 creatures vanquished.

Grand Total: 38 creatures vanquished

Notes
Turn   | Place    | Note
-------+----------+-------------------------------------------
     0 | D:1      | tilp the Meteoran Fighter began the quest for the Orb.
     0 | D:1      | Reached XP level 1. HP: 19/19 MP: 2/2
   139 | D:1      | Reached XP level 2. HP: 18/26 MP: 3/3
   220 | D:2      | Reached skill level 1 in Dodging
   296 | D:2      | Reached XP level 3. HP: 21/31 MP: 4/4
   487 | D:2      | Reached XP level 4. HP: 38/39 MP: 5/5
   505 | D:2      | Splashed by a jelly's acid

Illustrated notes

Levels and vault maps discovered:
D:1:      heliophobic_arrival_ceremonial_halls, layout_basic,
          roderic_three_in_a_row, hangedman_glass_teeth, hangedman_decor_push
D:2:      cheibrodos_fertilizer, layout_loops_ring, grunt_ministairs_10
D:3:      layout_rooms, lemuel_coloured_pillars_altar,
          hellmonk_ecumenical_altar_zigzags, uniq_robin, uniq_jessica,
          uniq_ijyb, uniq_grinder

Skill      XL: |  1  2 |
---------------+-------+-----
Dodging        | 1 |  1.9
Fighting       | |  3.6
Long Blades    | |  2.8
Armour         | |  3.9
Stealth        | |  0.6
Shields        | |  3.9

Action                   |  1- 3 |  4- 6 || total
-------------------------+-------+-------++-------
Melee: Long sword        |    59 |    14 ||    73
Throw: Stone             |       |     1 ||     1
Armor: Scale mail        |    25 |     5 ||    30
Dodge: Dodged            |    23 |     2 ||    25
Block: Buckler           |    12 |       ||    12

Table legend: (Time is in decaauts)
 A = Elapsed time spent in this place.
 B = Non-inter-level travel time spent in this place.
 C = Inter-level travel time spent in this place.
 D = Time resting spent in this place.
 E = Time spent auto-exploring this place.
 F = Levels seen in this place.
 G = Mean time per level.
                   A        B        C        D        E       F      G
               +--------+--------+--------+--------+--------+-----+--------+
         Total |    526 |    476 |     50 |      0 |      0 |   3 |  175.3 |
       Dungeon |    526 |    476 |     50 |      0 |      0 |   3 |  175.3 |
               +--------+--------+--------+--------+--------+-----+--------+

Top non-repeatable levels by time:
     D:2: 317 daAuts
     D:1: 200 daAuts
     D:3: 8 daAuts
